 Dungeon Crawl Stone Soup version 0.15.0-14-g6bbbb5c (console) character file.

49 gw the Chucker (level 3, -7/30 HPs)
             Began as a Centaur Hunter on Sept 4, 2014.
             Mangled by an ogre
             ... wielding a +0 giant club
              (18 damage)
             ... on Level 4 of the Dungeon.
             The game lasted 00:00:53 (1958 turns).

gw the Chucker (Centaur Hunter)                     Turns: 1958, Time: 00:00:53

HP  -7/30        AC  7     Str 14      XL: 3   Next: 53%
MP   3/3         EV  3     Int 10      God:
Gold 0           SH  0     Dex 10      Spells:  0 memorised,  2 levels left

rFire  . . .     SeeInvis .     d - +4 spear
rCold  . . .     Clarity  .     g - +0 chain mail
rNeg   . . .     rCorr    .     (no shield)
rPois  .         rRot     .     (no helmet)
rElec  .         Spirit   .     (no cloak)
SustAb .         Warding  .     (no gloves)
rMut   .         Stasis   .     (no barding)
Gourm  .                        e - amulet of rage
MR     .....                    (no ring)
                                i - +3 ring of slaying

@: very quick, not resistant to hostile enchantments, extremely unstealthy
A: hooves 3, deformed body, speed 2, tough skin 3
a: Evoke Berserk Rage


You were on level 4 of the Dungeon.
You were near starving.

You visited 1 branch of the dungeon, and saw 4 of its levels.

Inventory:

Hand weapons
 d - a +4 spear (weapon)
Missiles
 b - 4 javelins (quivered)
 c - 2 throwing nets
 j - 57 stones
Armour
 g - a +0 chain mail (worn)
Comestibles
 a - 6 fruits
 f - 5 bread rations
 m - 2 meat rations
 o - a beef jerky
Scrolls
 h - 2 scrolls of identify
Jewellery
 e - an amulet of rage (around neck)
 i - a +3 ring of slaying (left hand)
Potions
 l - a potion of agility


   Skills:
 + Level 2.8 Fighting
   Level 0.8 Short Blades
 + Level 0.3 Polearms
 * Level 6.1 Throwing
 + Level 0.7 Armour
 - Level 1.3 Dodging
 - Level 0.5 Stealth


You had 2 spell levels left.
You didn't know any spells.

Dungeon Overview and Level Annotations

Branches:
Dungeon (4/15)
 Temple: D:4-7

Altars:


Innate Abilities, Weirdness & Mutations

You have hooves in place of feet.
Armour fits poorly on your strangely shaped body.
You cover ground very quickly.
You have extremely tough skin (AC +3).


Message History

The ogre hits you with a giant club!
Ouch! That really hurt!
MOVING TO (-5,1) MOVING TO (-4,1)
An orc comes into view.
MOVING TO (-3,1)
The orc shouts!
MOVING TO (-2,1)
The orc moves out of view.
An orc comes into view.
MOVING TO (-1,1)
An orc comes into view. It is wielding a club.
The orc shouts! x2
MOVING TO (8,-1) MOVING TO (7,-1)
The giant mite bites you but does no damage.
MOVING TO (6,-2)
The giant mite bites you. The ogre hits you with a giant club!!
Ouch! That really hurt!
You die...

!. .### #..## ##...
...# ######.####
###.#.###.........#
....o.o.o.sO...>#.#
###.#####..c....#.#
#>......#.#
###.###.#.######
#.....#......#
############.#
#......#.#
#.####.#.#
#.####.#.#
#.#....#.#


You could see an ogre, a giant mite and 3 orcs.

Table legend:
 A = Turns spent in this place as a percentage of turns spent in the entire game.
 B = Non-inter-level travel turns spent in this place as a percentage of non-inter-level travel turns spent in the entire game.
 C = Inter-level travel turns spent in this place as a percentage of turns spent in this place.
 D = Turns resting spent in this place as a percentage of non-inter-level travel turns spent in this place.
 E = Turns spent auto-exploring this place as a percentage of non-inter-level travel turns spent in this place.
 F = Non-inter-level travel turns spent in this place divided by the number of levels of this place that you've seen.
                   A       B       C       D       E      F
               +-------+-------+-------+-------+-------+----------------------
         Total | 100.0 | 100.0 |   0.9 |   3.0 |  19.4 | 108.5
       Dungeon | 100.0 | 100.0 |   0.9 |   3.0 |  19.4 | 108.5
               +-------+-------+-------+-------+-------+----------------------

Table legend:
 A = Kills in this place as a percentage of kills in entire the game.
 B = Kills by you in this place as a percentage of kills by you in the entire game.
 C = Kills by friends in this place as a percentage of kills by friends in the entire game.
 D = Other kills in this place as a percentage of other kills in the entire game.
 E = Experience gained in this place as a percentage of experience gained in the entire game.
 F = Experience gained in this place divided by the number of levels of this place that you have seen.
                   A       B       C       D       E      F
               +-------+-------+-------+-------+-------+----------------------
         Total | 100.0 | 100.0 |  -nan |  -nan | 100.0 |  17.8
       Dungeon | 100.0 | 100.0 |  -nan |  -nan | 100.0 |  17.8
               +-------+-------+-------+-------+-------+----------------------

Vanquished Creatures
  An adder (D:2)
  2 giant geckos (D:1)
  7 bats
  3 goblins (D:1)
  5 hobgoblins
  2 jackals (D:2)
  10 giant newts
  6 kobolds
  5 rats
41 creatures vanquished.

Notes
Turn   | Place    | Note
--------------------------------------------------------------
     0 | D:1      | gw, the Centaur Hunter, began the quest for the Orb.
     0 | D:1      | Reached XP level 1. HP: 17/17 MP: 1/1
     0 | D:1      | Noticed a jelly
   203 | D:1      | Reached XP level 2. HP: 24/24 MP: 2/2
   843 | D:2      | Reached XP level 3. HP: 30/30 MP: 3/3
   878 | D:2      | Reached skill level 6 in Throwing
  1945 | D:4      | Noticed an ogre
  1958 | D:4      | Mangled by an ogre

Action                   || total
-------------------------++-------
Melee: Short sword       ||    33
       Spear             ||    32
Throw: Javelin           ||    53
       Stone             ||    10
  Use: Scroll            ||     6
       Potion            ||     3

Vault maps used:
D:1:      dpeg_arrival_caged_fury, st_stairs_7, minmay_misc_feat_hallway,
          minmay_lizard_king
D:2:      first_bread
D:3:      trog_hazing_becter
D:4:      hangedman_decor_lopped, serial_bayou_lagoon_a, tso_altar
